Unix NetHack Version 3.7.0-89 Work-in-progress - last build Sep 24 2023 19:26:52 (48e034876007844a536bf88644040a71d2893410,branch:master). Game began 2023-09-30 07:40:24, ended 2023-09-30 15:46:44. DrSlow, chaotic male elven Ranger @ A --------- A|.......|f |.@.....| A ----- |...@...|@ |... @ |.......| ----- --..--------- | |.......|@ | .....-- --%..|.......| |.a----.---- .| .......---..%.|.@.....| |.....aaa.a...| .........-*.%..%a.._...| ---..a@.@@..--- ....%....---.A.%|.D.....| -----A----- .......-- --...|.......| ..A%@.. ---@---- --..--------- .------- ....... -------%..---- |.... ........| ........ |..@......A... ------ .........--..@..... --%%V..A....... ...........--.......--..A.%.O.A..... ........%...----|----...AA......... ..............@.DVA..%............ -------------------------------- DrSlow the Scout St:18 Dx:17 Co:16 In:13 Wi:17 Ch:9 Chaotic S:737814 Astral Plane $:0 HP:181(192) Pw:66(66) AC:-19 Xp:14/128306 T:33758 Satiated Latest messages: The fire ant misses the killer bee. The fire ant misses the killer bee. The giant ant misses the giant beetle. The killer bee misses the killer bee. The killer bee misses the fire ant. The killer bee misses! The giant ant bites the giant beetle. Marvin the Ryoshu zaps a wand of cold! The bolt of cold whizzes by you! The bolt of cold misses the killer bee. The killer bee is killed by the bolt of cold! The killer bee is killed by the bolt of cold! You see here 10 rocks. The killer bee misses the giant beetle. The giant ant misses! The high priest intones: "Pilgrim, you enter a sacred place!" The giant ant bites the giant beetle. The giant beetle bites the giant beetle. The killer bee stings the giant beetle. The giant ant misses the giant beetle. Marvin the Ryoshu drinks a potion of invisibility! Marvin the Ryoshu's body takes on a strange transparency. You hear a mumbled curse. What do you want to remove? [jF or ?*] You were wearing a ring called conflict (on right hand). You hear a chugging sound. Marvin the invisible Ryoshu drinks a potion of speed! Marvin the invisible Ryoshu is suddenly moving faster. You hear a mumbled curse. Pick an object. You miss Marvin the invisible Ryoshu. You hear a chugging sound. Marvin the invisible Ryoshu turns to flee. Marvin the invisible Ryoshu drinks a potion of gain level! Marvin the invisible Ryoshu seems more experienced. You hear a chugging sound. What do you want to zap? [rsuC-EOX or ?*] In what direction? Pick an object. The Angel of Mercury zaps you with a magic missile! The magic missile hits the giant beetle! # What do you want to sacrifice? [g or ?*] You offer the Amulet of Yendor to Mars... An invisible choir sings, and you are bathed in radiance... The voice of Mars booms: "Mortal, thou hast done well!" "In return for thy service, I grant thee the gift of Immortality!" You ascend to the status of Demigod... Do you want your possessions identified? [ynq] (y) Inventory: Amulets B - an uncursed amulet of guarding F - an uncursed amulet of life saving (being worn) Weapons A - 33 blessed poisoned +4 elven arrows (in quiver) b - a +1 elven bow Y - the blessed +0 Longbow of Diana c - a blessed +0 silver saber a - the rustproof +5 Stormbringer Armor h - an uncursed thoroughly rusty +0 dwarvish iron helm (being worn) n - a blessed burnt rotted +3 pair of leather gloves (being worn) I - an uncursed +0 pair of water walking boots (being worn) S - a blessed +4 shield of reflection named smoky=GL (being worn) L - an uncursed thoroughly burnt +5 cloak of magic resistance (being worn) o - a cursed +5 blue dragon scale mail (being worn) Comestibles w - an uncursed C-ration v - an uncursed cockatrice corpse (wielded) m - an uncursed lizard corpse Spellbooks x - the uncursed Book of the Dead Potions z - 2 uncursed potions of sickness Rings j - a blessed ring of conflict Wands C - a wand of cancellation (0:3) s - a wand of death (0:4) X - a wand of death (1:0) D - a wand of digging (0:7) O - a wand of digging (0:3) E - a wand of striking (0:2) u - a wand of teleportation (2:4) r - a wand of teleportation (0:0) Tools t - a blessed greased bag of holding containing 45 items P - an uncursed bugle Z - the cursed Bell of Opening (0:2) N - the cursed Candelabrum of Invocation (0 of 7 candles attached) W - an uncursed credit card l - an uncursed magic lamp (lit) G - a magic marker (1:20) H - a magic marker named cursed? (1:2) V - an uncursed wet towel e - a blessed +0 unicorn horn named ALL RES Gems/Stones q - a blessed luckstone Contents of the bag of holding: an uncursed amulet of life saving 24 +0 arrows a blessed +2 elven arrow 3 uncursed food rations 6 uncursed K-rations an uncursed lizard corpse 9 uncursed scrolls of blank paper 3 cursed scrolls of blank paper an uncursed scroll of destroy armor a cursed scroll of fire an uncursed scroll of gold detection 2 uncursed scrolls of identify a blessed scroll of remove curse 4 potions of holy water 2 potions of unholy water an uncursed potion of water an uncursed potion of extra healing an uncursed potion of full healing 2 cursed potions of full healing an uncursed potion of full healing 3 uncursed potions of gain energy an uncursed potion of gain level a blessed potion of levitation an uncursed potion of speed an uncursed +3 ring of gain constitution an uncursed +2 ring of gain strength a cursed ring of invisibility a cursed +1 ring of protection an uncursed ring of regeneration an uncursed ring of stealth a blessed wand of slow monster (0:2) a wand of digging (0:6) a wand of digging (0:5) a wand of digging (0:5) a wand of digging (0:8) a wand of fire (0:5) a wand of secret door detection (0:12) a wand of sleep (0:6) a wand of sleep (0:5) a wand of striking (0:5) a wand of teleportation named empty (0:0) a wand of wishing (1:1) a cursed tallow candle an uncursed magic lamp a cursed magic lamp DrSlow the Ranger's attributes: Background: You were a Scout, a level 14 male elven Ranger. You were chaotic, on a mission for Mars who was opposed by Mercury (lawful) and Venus (neutral). You were in the endgame, on the Astral Plane. You entered the dungeon 33758 turns ago. There was a full moon in effect when your adventure ended. You had 128306 experience points, 31694 more were needed to attain level 15. Your score was 737814 before end-of-game adjustments. Basics: You had 181 out of 192 hit points. You had all 66 energy points (spell power). Your armor class was -19. Your wallet was empty. Autopickup was on for '"?!=/' plus thrown, with exceptions. Final Characteristics: Your strength was 18 (limit:18). Your dexterity was 17 (peak:18, limit:18). Your constitution was 16 (limit:16). Your intelligence was 13 (peak:15, limit:20). Your wisdom was 17 (limit:20). Your charisma was 9 (limit:18). Final Status: You were satiated. You were unencumbered. You were wielding a corpse. Final Attributes: You were piously aligned. You were magic-protected. You were fire resistant. You were cold resistant. You were sleep resistant. You were shock resistant. Your items were protected from electric shocks. You were poison resistant. You saw invisible. You were telepathic. You had automatic searching. You had infravision. You were stealthy. You could teleport. You could walk on water. You were warded. You were very fast. You had reflection. Your life would have been saved. You were extremely lucky. You had extra luck. Good luck did not time out for you. You survived. Miscellaneous: You encountered 3 bones levels. Total elapsed playing time was 5 hours, 53 minutes and 17 seconds. Major events: Turn 1: DrSlow the chaotic male elven Ranger entered the dungeon 824: entered the Gnomish Mines 1619: attained the rank of Lookout (level 3) 1619: destroyed mgm7734's ghost, the former Conjurer 1649: found Sting on the floor 5954: attained the rank of Trailblazer (level 6) 6128: destroyed spontiff's ghost, the former Rhizotomist 6140: destroyed laycre's ghost, the former Cutpurse 7804: reached Mine Town 9317: acquired the Mines' End luckstone 10702: was bestowed with Stormbringer by Mars 12257: made his first wish - "holy +2 shield of reflection", got "a polished silver shield" 14152: entered Sokoban 14274: performed his first genocide (class e) 14439: entered the Bigroom 15321: attained the rank of Reconnoiterer (level 10) 17471: killed Medusa 18703: wished for "holy greased bag of holding", got "a greased bag" 18717: wished for "cursed marker", got "a magic marker" 19242: destroyed elky's ghost, the former Skirmisher 20168: attained the rank of Scout (level 14) 21843: found the Longbow of Diana on the floor 21863: killed Scorpius 21868: acquired the Bell of Opening 22453: genocided class L 22461: entered Gehennom 24714: wished for "holy +2 silver saber", got "a silver saber" 28097: killed Juiblex 28489: killed Asmodeus 29329: bribed Baalzebub with 488 zorkmids for safe passage 29379: killed Orcus 30566: destroyed Vlad the Impaler 30569: acquired the Candelabrum of Invocation 31575: killed the Wizard of Yendor 31578: acquired the Book of the Dead 31604: killed Yeenoghu 31615: wished for "marker", got "a magic marker" 31622: performed the invocation 31880: killed the high priest of Moloch 31882: acquired The Amulet of Yendor 32394: killed the Wizard of Yendor (2nd time) 33420: entered the Elemental Planes 33420: entered Plane of Earth 33421: killed the Wizard of Yendor (3rd time) 33454: entered Plane of Air 33512: entered Plane of Fire 33519: wished for "blessed ring of conflict", got "a bronze ring" 33568: entered Plane of Water 33571: genocided class ; 33629: entered the Astral Plane 33654: killed Pestilence 33689: killed Pestilence (2nd time) 33709: killed Pestilence (3rd time) 33735: killed Death 33758: ascended Vanquished creatures: Asmodeus Orcus Yeenoghu Juiblex the Wizard of Yendor (4 times) Death Pestilence (4 times) Vlad the Impaler a high cleric 2 mastodons Medusa 10 krakens a ki-rin a storm giant a titan a glass golem 3 purple worms a gray dragon a gold dragon a silver dragon 2 white dragons 2 orange dragons 2 black dragons 16 blue dragons 25 minotaurs 2 jabberwocks Scorpius 5 baluchitheria 11 Angels 2 stone golems a master mind flayer a Nazgul 3 pit fiends 2 sandestins a hell hound 6 titanotheres a baby black dragon a guardian naga 2 genetic engineers 3 disenchanters 23 vampire leaders 5 skeletons 18 aligned clerics 2 captains 6 shades 5 liches 3 clay golems a nurse 4 ice devils 2 nalfeshnees 2 Aleaxes 2 frost giants 3 black puddings 25 vampires 4 lieutenants 32 ghosts a wizard a queen bee a winged gargoyle 5 mind flayers 2 giant mimics a long worm a zruty a fire giant 3 ogre tyrants 14 rock trolls 6 umber hulks a flesh golem an elven monarch 2 doppelgangers 3 hezrous 6 bone devils a large mimic a wumpus 4 fire vortices a couatl 8 stalkers 11 air elementals a fire elemental 4 earth elementals a water elemental 4 giant mummies a black naga 4 xorns 21 giant zombies 8 sergeants 14 barbed devils 7 vrocks 3 salamanders 5 wargs 3 winter wolves 3 hell hound pups a warhorse 8 steam vortices 8 xans 9 ettin mummies 3 ogre leaders 3 quantum mechanics 4 trolls a sasquatch a wood golem 4 erinyes 4 mariliths a djinni 8 sharks 14 electric eels 4 gelatinous cubes 2 pyrolisks 4 large dogs 2 large cats 3 tigers 7 gargoyles a dwarf ruler 4 tengu 2 ochre jellies 2 leocrottas 3 energy vortices 5 mountain centaurs a stone giant 2 elf mummies a human mummy 2 green slimes 5 pythons a pit viper 3 cobras 34 wraiths 16 ettin zombies 2 leather golems 5 Grey-elves 49 soldiers 3 amorous demons 13 horned devils 5 chameleons 7 giant beetles 3 quivering blobs 21 cockatrices 4 wolves 5 winter wolf cubs a lynx a panther 55 gremlins a leprechaun 2 orc-captains an iron piercer a mumak 18 giant spiders 8 scorpions 2 horses an ice vortex 5 black lights 7 vampire bats 20 forest centaurs 6 gnome rulers 2 orc mummies 3 dwarf mummies 4 brown puddings 9 rust monsters 5 owlbears 5 yetis 3 gold golems 3 Green-elves 4 piranha 11 giant eels 9 lizards 5 chickatrices 2 dingoes a housecat 5 jaguars a dwarf leader 2 blue jellies 2 white unicorns a gray unicorn 6 dust vortices 2 ravens 9 plains centaurs 3 gnome mummies 6 snakes 13 apes 26 human zombies a rope golem 3 Woodland-elves 18 soldier ants 9 fire ants 6 bugbears 2 imps 3 lemures 4 quasits 2 wood nymphs 4 water nymphs 3 mountain nymphs 14 Mordor orcs 23 Uruk-hai 3 orc shamans 5 rock piercers 2 rock moles a pony 4 fog clouds 8 yellow lights 4 shriekers a violet fungus 14 gnome leaders 5 gnomish wizards 3 kobold mummies a guardian naga hatchling 5 gray oozes 2 barrow wights 12 elf zombies 8 ghouls a straw golem 2 paper golems 6 jellyfish 19 giant ants 2 little dogs 10 floating eyes 3 kittens 20 dwarves 2 homunculi 4 kobold leaders 2 kobold shamans 23 hill orcs 13 rothes 6 rabid rats 2 centipedes 5 giant bats 18 orc zombies 7 dwarf zombies a wererat 2 werejackals 8 iguanas 36 killer bees 4 acid blobs 11 coyotes a gas spore 5 hobbits 7 manes 2 large kobolds 9 hobgoblins 8 giant rats 3 cave spiders 4 yellow molds a green mold 2 red molds 51 gnomes 2 garter snakes 10 gnome zombies 15 geckos 10 jackals a fox 3 kobolds 7 goblins 8 sewer rats 3 grid bugs 8 bats 10 lichens 13 kobold zombies 11 newts 1550 creatures vanquished. Genocided or extinct species: arch-liches krakens master liches demiliches liches erinyes (extinct) sharks electric eels freezing spheres flaming spheres shocking spheres piranha giant eels jellyfish floating eyes gas spores 15 species genocided. 1 species extinct. Voluntary challenges: You read items or engraved 110 times. You engraved Elbereth 5 times. You genocided 15 types of monsters. You never polymorphed an object. You used 6 wishes. You did not wish for any artifacts. You did not violate any of the special Sokoban rules. Achievements: You entered the Gnomish Mines. You entered a shop. You attained the rank of Lookout. You attained the rank of Trailblazer. You entered Minetown. You entered a temple. You completed the Gnomish Mines. You entered Sokoban. You entered the Big Room. You attained the rank of Reconnoiterer. You defeated Medusa. You attained the rank of Scout. You had the Bell of Opening. You entered Gehennom. You had the Candelabrum of Invocation. You had the Book of the Dead. You gained access to Moloch's Sanctum. You reached the Elemental Planes. You reached the Astral Plane. You delivered the Amulet of Yendor. You ascended! The Elemental Planes: Astral Plane: <- You are here. Some temples. Plane of Water: Plane of Fire: Plane of Air: Plane of Earth: The Dungeons of Doom: levels 1 to 25 Level 1: An altar to Mars. One way stairs up to The Elemental Planes. Level 2: "STASH" Level 3: A general store, a fountain. Stairs down to The Gnomish Mines. Level 4: A general store, a fountain. Final resting place for mgm7734-Wiz-Hum-Fem-Neu, killed by a rabid rat. Level 5: "pick" A sink, a grave. Level 6: A fountain. Level 7: Final resting place for spontiff-Hea-Gno-Mal-Neu, killed by a rope golem, laycre-Rog-Hum-Fem-Cha, killed by a rope golem. Level 8: Level 9: Many fountains. Oracle of Delphi. Final resting place for elky-Val-Dwa-Fem-Law, poisoned by an orcish arrow. Level 10: Some fountains. Stairs up to Sokoban, level 9. Level 11: Level 12: A very big room. Level 13: A general store. Level 14: A fountain. Level 15: A fountain. Summoned by Orion. Portal to The Quest. Level 16: Level 17: A primitive area. Level 18: "WRAITHS" Some graves. Level 19: "WRAITHS" Level 20: Level 21: Some altars, a throne, a fountain. Level 22: Level 23: "LVL TELE x2" A grave. Level 24: Level 25: A throne, a fountain. The castle. Connection to Gehennom. Gehennom: levels 26 to 45 Level 26: A temple, many graves. Valley of the Dead. Level 27: Level 28: Level 29: Level 30: Level 31: Some fountains. Level 32: Level 33: Level 34: Level 35: An altar, some graves. Level 36: Stairs up to Vlad's Tower, level 35. Level 37: Level 38: Level 39: Level 40: Level 41: Level 42: "TOWER" Level 43: Level 44: Level 45: A temple, many graves. Moloch's Sanctum. The Gnomish Mines: levels 4 to 11 Level 4: Level 5: Level 6: Many shops, a temple, some fountains. Level 7: Level 8: Level 9: Level 10: Level 11: The Quest: levels 1 to 6 Level 1: Many trees. Given quest by Orion. Level 6: A throne. Sokoban: Level 9: Unsolved. Vlad's Tower: levels 35 up to 33 Level 33: A throne. Level 34: Level 35: Goodbye DrSlow the Demigod... You went to your reward with 1556078 points, Stormbringer (worth 8000 zorkmids and 20000 points) The Book of the Dead (worth 10000 zorkmids and 25000 points) The Candelabrum of Invocation (worth 5000 zorkmids and 12500 points) The Longbow of Diana (worth 4000 zorkmids and 10000 points) The Bell of Opening (worth 5000 zorkmids and 12500 points) and 0 pieces of gold, after 33758 moves. You were level 14 with a maximum of 192 hit points when you ascended.